 Dungeon Crawl Stone Soup version 0.26.1-2-gb8aa6d0cf2 (webtiles) character file.

Game seed: 9096686861373551410

135 windgrace the Magician (level 5, -3/37 HPs)
             Began as a Gnoll Hedge Wizard on Feb 12, 2021.
             Was an Initiate of Ashenzari.
             Engulfed by a fire crab (glowing shapeshifter)'s flame (20 damage)
             ... on level 4 of the Dungeon.
             The game lasted 00:15:09 (3882 turns).

windgrace the Magician (Gnoll Hedge Wizard)         Turns: 3882, Time: 00:15:10

Health: -3/37      AC:  5    Str: 12    XL:     5   Next: 18%
Magic:  14/14      EV: 15    Int: 16    God:    Ashenzari [......]
Gold:   134        SH:  0    Dex: 16    Spells: 15/18 levels left

rFire    . . .     SeeInvis .   r - +4 quarterstaff (chaos) (curse)
rCold    . . .     Faith    .   (shield currently unavailable)
rNeg     . . .     Spirit   .   t - +0 steam dragon scales (curse)
rPois    .         Reflect  .   c - +0 hat
rElec    .         Harm     .   (no cloak)
rCorr    .         Rampage  .   (no gloves)
Will     .....                  (no boots)
Stlth    +++.......             (no amulet)
HPRegen  0.12/turn              (no ring)
MPRegen  0.14/turn              (no ring)

@: no status effects
A: distributed training, fangs 1, strong nose
a: Renounce Religion, Curse Item


You were on level 4 of the Dungeon.
You worshipped Ashenzari.
Ashenzari was noncommittal.
You visited 1 branch of the dungeon, and saw 4 of its levels.

You collected 134 gold pieces.

Inventory:

Hand Weapons
 a - a +0 dagger
 e - a +1 dagger of speed
 r - a cursed +4 quarterstaff of chaos (weapon)
Armour
 b - a +0 robe
 c - a +0 hat (worn)
 g - a +0 scale mail
 t - cursed +0 steam dragon scales (worn)
Scrolls
 h - 5 scrolls of identify {unknown}
 i - 3 scrolls of teleportation {unknown}
 j - a scroll of magic mapping {unknown}
 l - 4 scrolls of enchant weapon {unknown}
 n - 4 scrolls of remove curse
 o - a scroll of amnesia {unknown}
 p - a scroll of immolation {unknown}
 q - a scroll of blinking {unknown}
Potions
 d - a potion of mutation {unknown}
 f - 2 potions of berserk rage {unknown}
 k - a potion of attraction {unknown}
 m - 3 potions of curing {unknown}
 s - a potion of ambrosia {unknown}
 u - a potion of haste {unknown}
 v - a potion of might {unknown}


   Skills:
 + Level 1.4 Fighting
 + Level 1.4 Short Blades
 + Level 1.4 Long Blades
 + Level 1.4 Axes
 + Level 1.4 Maces & Flails
 + Level 1.4 Polearms
 + Level 1.4 Staves
 + Level 1.4 Slings
 + Level 1.4 Bows
 + Level 1.4 Crossbows
 + Level 1.4 Throwing
 + Level 1.4 Armour
 + Level 4.7 Dodging
 + Level 4.3 Stealth
 + Level 1.4 Shields
 + Level 1.4 Unarmed Combat
 + Level 7.2 Spellcasting
 + Level 2.3 Conjurations
 + Level 1.1 Hexes
 + Level 2.3 Summonings
 + Level 1.1 Necromancy
 + Level 2.3 Translocations
 + Level 1.1 Transmutations
 + Level 1.1 Fire Magic
 + Level 1.1 Ice Magic
 + Level 1.1 Air Magic
 + Level 1.1 Earth Magic
 + Level 1.1 Poison Magic
 + Level 1.5 Invocations
 + Level 1.4 Evocations


You had 15 spell levels left.
You knew the following spells:

 Your Spells              Type           Power        Failure   Level
a - Magic Dart            Conj           52%          4%          1
b - Call Imp              Summ           13%          7%          2

Your spell library contained the following spells:

 Spells                   Type           Power        Failure   Level
 Blink                    Tloc           N/A          7%          2
 Slow                     Hex            9%           12%         2
 Conjure Flame            Conj/Fire      11%          19%         3
 Mephitic Cloud           Conj/Pois/Air  10%          19%         3


Dungeon Overview and Level Annotations

Branches:
Dungeon (4/15)
 Temple: D:4-7

Altars:
Ashenzari
Gozag
Hepliaklqana
Kikubaaqudgha
Uskayaw
The Shining One


Innate Abilities, Weirdness & Mutations

Your experience applies equally to all skills.
You have very sharp teeth.
Your uncanny sense of smell can sniff out nearby items.


Message History

The swamp dragon tramples you.
You stumble backwards!
You hit the swamp dragon but do no damage.
You bite the swamp dragon.
The swamp dragon is lightly wounded.
The swamp dragon misses you. The swamp dragon barely misses you. x2
You hit the swamp dragon.
Lightning courses through the swamp dragon!
You bite the swamp dragon, but do no damage.
The swamp dragon is moderately wounded.
The swamp dragon changes into a salamander!
The salamander changes into a fire crab!
You thump the fire crab!
You feel better.
The fire crab is lightly wounded.
The fire crab bites you.
You are engulfed in flames!
The fire crab misses you. The fire crab breathes flames at you.
The blast of flame engulfs you.
There is an open door here.
You are engulfed in blazing flames.
Ouch! That really hurt!
You die...

#....##########
###....##
#.......##########
#.......#.........
#..###############
#.##⌠⌠⌠⌠⌠⌠#
#.#⌠⌠....⌠⌠
#○#t..⌠# #@#°○###
#○°○○⌠# ∆ ###○○.#
#○○○...⌠ ##⌠⌠⌠⌠⌠⌠
######


There were no monsters in sight!

Vanquished Creatures
  A worker ant (D:4)
  An ooze (D:3)
  A worm (D:2)
  3 dart slugs
  2 leopard geckos
  3 orcs (D:3)
  3 ball pythons
  5 bats
  3 giant cockroaches
  7 hobgoblins
  9 jackals
  A quokka (D:2)
  2 frilled lizards (D:1)
  6 goblins
  6 kobolds
  4 rats
57 creatures vanquished.

Vanquished Creatures (collateral kills)
  Crazy Yiuf (D:3)
  An adder (D:2)
  A bat (D:2)
  A kobold (D:2)
  A quokka (D:2)
5 creatures vanquished.

Grand Total: 62 creatures vanquished

Notes
Turn   | Place    | Note
-------+----------+-------------------------------------------
     0 | D:1      | windgrace the Gnoll Hedge Wizard began the quest for the
                  | Orb.
     0 | D:1      | Reached XP level 1. HP: 13/13 MP: 8/8
   405 | D:1      | Reached XP level 2. HP: 7/19 MP: 10/10
   921 | D:1      | You fall into a shaft and drop 1 floor!
   937 | D:2      | Reached XP level 3. HP: 16/25 MP: 11/11
  1354 | D:2      | Learned a level 2 spell: Call Imp
  1394 | D:2      | Reached skill level 1 in Invocations
  1591 | D:2      | Found a broken altar of Ashenzari.
  1591 | D:2      | Found an opulent altar of Gozag.
  1591 | D:2      | Found a glowing golden altar of the Shining One.
  1591 | D:2      | Found a hide-covered altar of Uskayaw.
  1596 | D:2      | Reached skill level 1 in Fighting
  1596 | D:2      | Reached skill level 1 in Short Blades
  1596 | D:2      | Reached skill level 1 in Long Blades
  1596 | D:2      | Reached skill level 1 in Axes
  1596 | D:2      | Reached skill level 1 in Maces & Flails
  1596 | D:2      | Reached skill level 1 in Polearms
  1596 | D:2      | Reached skill level 1 in Staves
  1596 | D:2      | Reached skill level 1 in Slings
  1596 | D:2      | Reached skill level 1 in Bows
  1596 | D:2      | Reached skill level 1 in Crossbows
  1596 | D:2      | Reached skill level 1 in Throwing
  1596 | D:2      | Reached skill level 1 in Armour
  1596 | D:2      | Reached skill level 1 in Shields
  1596 | D:2      | Reached skill level 1 in Unarmed Combat
  1596 | D:2      | Reached skill level 1 in Evocations
  1600 | D:2      | Found an ancient bone altar of Kikubaaqudgha.
  1600 | D:2      | Found a hazy altar of Hepliaklqana.
  1649 | D:2      | Became a worshipper of Ashenzari the Shackled
  2067 | D:2      | Reached XP level 4. HP: 27/32 MP: 13/13
  2341 | D:3      | Found a runed translucent door.
  2342 | D:3      | Noticed Crazy Yiuf
  2590 | D:3      | Killed Crazy Yiuf
  2591 | D:3      | Reached skill level 1 in Hexes
  2591 | D:3      | Reached skill level 1 in Necromancy
  2591 | D:3      | Reached skill level 1 in Transmutations
  2591 | D:3      | Reached skill level 1 in Fire Magic
  2591 | D:3      | Reached skill level 1 in Ice Magic
  2591 | D:3      | Reached skill level 1 in Air Magic
  2591 | D:3      | Reached skill level 1 in Earth Magic
  2591 | D:3      | Reached skill level 1 in Poison Magic
  3680 | D:4      | Reached XP level 5. HP: 29/37 MP: 14/14
  3876 | D:4      | Noticed a glowing shapeshifter
  3876 | D:4      | a worm changed into a glowing shapeshifter
  3876 | D:4      | Noticed a swamp dragon
  3876 | D:4      | a glowing shapeshifter changed into a swamp dragon
  3879 | D:4      | Noticed a salamander
  3879 | D:4      | a swamp dragon changed into a salamander
  3879 | D:4      | Noticed a fire crab
  3879 | D:4      | a salamander changed into a fire crab
  3882 | D:4      | Engulfed by a fire crab (glowing shapeshifter)'s flame

Illustrated notes

Levels and vault maps discovered:
D:1:      saegor_arrival_simple_d, layout_basic
D:2:      layout_loops_ring, minmay_overflow_temple_hex, minmay_tromino_v7
D:3:      layout_loops_ring, uniq_crazy_yiuf_cottage
D:4:      layout_loops_ring, temple_statues, hellmonk_ghost_happy_afterlife,
          kennysheep_another_room

Skill      XL: |  1  2  3  4 |
---------------+-------------+-----
Conjurations   | 2 |  2.3
Summonings     | 2 |  2.3
Translocations | 2 |  2.3
Invocations    | 1 |  1.5
Fighting       | 1 |  1.4
Short Blades   | 1 |  1.4
Long Blades    | 1 |  1.4
Axes           | 1 |  1.4
Maces & Flails | 1 |  1.4
Polearms       | 1 |  1.4
Staves         | 1 |  1.4
Slings         | 1 |  1.4
Bows           | 1 |  1.4
Crossbows      | 1 |  1.4
Throwing       | 1 |  1.4
Armour         | 1 |  1.4
Shields        | 1 |  1.4
Unarmed Combat | 1 |  1.4
Evocations     | 1 |  1.4
Hexes          | 1 |  1.1
Necromancy     | 1 |  1.1
Transmutations | 1 |  1.1
Fire Magic     | 1 |  1.1
Ice Magic      | 1 |  1.1
Air Magic      | 1 |  1.1
Earth Magic    | 1 |  1.1
Poison Magic   | 1 |  1.1
Dodging        | |  4.7
Stealth        | |  4.3
Spellcasting   | |  7.2

Action                   |  1- 3 |  4- 6 || total
-------------------------+-------+-------++-------
Melee: Dagger            |   197 |    70 ||   267
       Bite              |    13 |    12 ||    25
       Quarterstaff      |       |    23 ||    23
       Punch             |       |     1 ||     1
 Cast: Magic Dart        |    10 |       ||    10
       Call Imp          |     5 |     3 ||     8
Invok: Curse Item        |       |     2 ||     2
 Stab: Sleeping          |     3 |     4 ||     7
       Distracted        |     1 |       ||     1
       Paralysed         |       |     1 ||     1
Armor: Scale mail        |    59 |    11 ||    70
       Steam dragon scal |       |     2 ||     2
Dodge: Dodged            |    84 |    46 ||   130
